AoeStats
← VNS__Pan

Arena

510291178Analyzed
4v4 RM · 22h ago on Sep 30, 2026· 56m 14s· 8 players
Game mode
Random Map
Map size
Large (8 player)
Population
200
Speed
Normal
Resources
Standard
Victory
Conquest
Starting age
Dark Age
Ending age
Imperial Age
RankedLock teamsTeams togetherTeam positionsShared explorationLock speedFull tech treeHidden civsTurbo modeCheats
Victory
Defeat
🇹🇼 Franks · Taiwan
1522
+14
1495
+15
🇻🇳 Khmer · Vietnam
1451
+16
🇭🇰 Bengalis · Hong Kong SAR China
1413
+18
🇧🇷 Franks · Brazil
1515
-18
🇨🇳 Danes · China
1457
-15
🇵🇪 Khmer · Peru
1447
-15
🇸🇪 Burmese · Sweden
1435
-15
Jhih
11:03 Feudal Age
13:14 Double-Bit Axe
15:55 Castle Age
16:30 Wheelbarrow
17:09 Bow Saw
23:13 Gold Mining
23:15 Stone Mining
25:07 Hand Cart
25:31 Gold Shaft Mining
29:15 Imperial Age
26:32 Loom
26:11 Pikeman
26:37 Arson
26:58 Squires
27:00 Scale Mail Armor
27:10 Gambesons
27:10 Arson
27:37 Forging
28:32 Ballistics
28:01 Ordonnance Companies
29:04 Chain Mail Armor
29:27 Iron Casting
29:54 Chain Mail Armor
29:22 Treadmill Crane
30:58 Chemistry
30:22 Conscription
30:43 Halberdier
32:24 Blast Furnace
31:39 Elite Throwing Axeman
33:26 Plate Mail Armor
33:05 Siege Engineers
33:26 Town Watch
34:18 Fletching
35:39 Bodkin Arrow
36:47 Hoardings
37:34 Masonry
53:35 Town Patrol
明征北大将军
10:09 Feudal Age
14:03 Castle Age
12:11 Horse Collar
13:00 Double-Bit Axe
19:02 Sanctity
19:34 Wheelbarrow
19:26 Fervor
19:56 Loom
25:55 Imperial Age
25:03 Gold Mining
26:11 Town Watch
27:01 Block Printing
27:31 Theocracy
28:07 Fletching
29:15 Redemption
30:58 Illumination
31:05 Bodkin Arrow
32:44 Bow Saw
36:02 Conscription
37:06 Hand Cart
42:36 Two-Man Saw
41:39 Heavy Plow
42:25 Town Patrol
43:11 Elite Elephant Archer
43:53 Bracer
43:53 Padded Archer Armor
47:05 Leather Archer Armor
48:11 Bloodlines
48:02 Husbandry
48:08 Scale Barding Armor
48:34 Ring Archer Armor
48:15 Forging
47:50 Light Cavalry
50:20 Crop Rotation
51:07 Chain Barding Armor
53:06 Plate Barding Armor
苏东坡的粉丝
11:02 Feudal Age
15:28 Castle Age
13:34 Double-Bit Axe
13:54 Horse Collar
16:13 Bow Saw
21:10 Sanctity
20:57 Loom
23:51 Scale Mail Armor
26:06 Wheelbarrow
27:05 Fletching
31:39 Heavy Plow
32:04 Redemption
32:18 Sanctity
35:34 Imperial Age
37:11 Two-Man Saw
37:23 Chemistry
36:40 Fortified Wall
37:11 Block Printing
37:45 Forging
37:15 Pikeman
41:10 Padded Archer Armor
43:50 Hand Cart
43:33 Bodkin Arrow
43:54 Leather Archer Armor
43:49 Squires
43:37 Arson
43:38 Elite Skirmisher
45:25 Crop Rotation
46:32 Bracer
48:00 Squires
50:11 Chain Mail Armor
50:49 Gold Mining
50:51 Stone Mining
52:14 Two-Man Saw
53:18 Gold Shaft Mining
53:21 Stone Shaft Mining
52:26 Onager
54:34 Conscription
54:14 Arson
55:15 Burgundian Vineyards
55:50 Plate Mail Armor
55:55 Iron Casting
VNS__Pan
11:06 Feudal Age
13:47 Castle Age
12:01 Double-Bit Axe
11:57 Horse Collar
15:04 Bow Saw
20:08 Heavy Plow
20:48 Wheelbarrow
20:56 Gold Mining
23:08 Bloodlines
23:23 Scale Barding Armor
23:41 Husbandry
24:29 Forging
28:44 Imperial Age
26:00 Loom
27:01 Fletching
27:47 Iron Casting
27:51 Hand Cart
28:08 Chain Barding Armor
27:44 Bodkin Arrow
27:42 Stone Mining
28:28 Gold Shaft Mining
28:41 Ballistics
29:55 Town Watch
31:30 Chemistry
30:19 Heavy Scorpion
31:59 Plate Barding Armor
32:25 Blast Furnace
31:57 Bracer
32:06 Siphons
32:19 Double Crossbow
32:41 Conscription
32:16 Light Cavalry
32:59 Hussar
35:15 Masonry
35:39 Padded Archer Armor
35:21 Capped Ram
37:54 Leather Archer Armor
37:39 Siege Ram
38:32 Siege Ram
40:41 Ring Archer Armor
40:54 Siege Ram
KLIKELIN
10:06 Feudal Age
10:37 Feudal Age
13:43 Castle Age
11:39 Horse Collar
11:45 Double-Bit Axe
15:27 Bow Saw
17:11 Loom
20:59 Wheelbarrow
21:59 Gold Mining
22:19 Heavy Plow
23:18 Stone Mining
24:45 Hand Cart
26:13 Husbandry
29:34 Imperial Age
29:11 Ballistics
29:56 Forging
29:59 Town Watch
29:39 Heavy Scorpion
30:44 Conscription
30:24 Double Crossbow
31:45 Siege Engineers
32:42 Chemistry
33:04 Bloodlines
32:15 Light Cavalry
33:34 Iron Casting
33:05 Scale Barding Armor
33:39 Hussar
35:13 Town Patrol
36:45 Blast Furnace
36:06 Chain Barding Armor
GAX | lee17-han
10:58 Feudal Age
15:00 Castle Age
12:56 Double-Bit Axe
13:02 Loom
20:26 Padded Archer Armor
24:04 Fletching
28:43 Imperial Age
26:23 Scale Mail Armor
26:34 Forging
26:35 Town Watch
27:27 Bow Saw
27:10 Stone Mining
28:02 Wheelbarrow
28:19 Chain Mail Armor
29:10 Scale Barding Armor
31:07 Chemistry
33:39 Chain Barding Armor
33:55 Iron Casting
33:21 Husbandry
33:42 Light Cavalry
40:18 Bodkin Arrow
40:38 Leather Archer Armor
40:46 Ballistics
40:50 Elite Skirmisher
43:31 Chain Barding Armor
44:09 Iron Casting
45:48 Town Patrol
47:46 Conscription
51:05 Plate Barding Armor
52:23 Cavalier
54:36 Blast Furnace
54:07 Paladin
TOYOTA
11:11 Feudal Age
12:39 Double-Bit Axe
15:11 Castle Age
13:04 Horse Collar
16:27 Bow Saw
16:18 Heavy Plow
22:38 Wheelbarrow
23:53 Gold Mining
23:54 Stone Mining
24:08 Loom
24:38 Hand Cart
28:15 Imperial Age
25:27 Pikeman
26:07 Squires
25:54 Arson
27:03 Scale Mail Armor
27:14 Forging
28:02 Chain Mail Armor
28:20 Halberdier
29:54 Iron Casting
30:13 Heavy Scorpion
31:46 Gold Shaft Mining
31:46 Stone Shaft Mining
32:31 Chemistry
32:29 Ballistics
32:04 Town Watch
32:45 Conscription
33:00 Siege Engineers
33:44 Plate Mail Armor
34:15 Blast Furnace
33:46 Fletching
33:36 Capped Ram
36:31 Siege Ram
38:27 Onager
39:23 Northmen's Fury
40:43 Hoardings
41:04 Onager
42:20 Siege Onager
44:21 Siege Ram
46:40 Elite Varangian Guard
46:42 Hamask
47:44 Bodkin Arrow
54:13 Coinage
Stuve
11:14 Feudal Age
15:36 Castle Age
13:51 Horse Collar
15:14 Scale Mail Armor
16:32 Heavy Plow
17:41 Pikeman
18:24 Scale Mail Armor
19:34 Forging
25:39 Squires
26:36 Man-at-Arms
27:32 Chain Mail Armor
27:40 Long Swordsman
30:31 Iron Casting
31:25 Wheelbarrow
30:56 Gold Mining
38:12 Imperial Age
36:48 Hand Cart
38:24 Stone Mining
38:27 Gambesons
38:16 Two-Handed Swordsman
39:27 Plate Mail Armor
38:28 Capped Ram
41:24 Blast Furnace
40:20 Champion
41:52 Arson
44:57 Town Watch
45:28 Fortified Wall
46:55 Halberdier
47:46 Howdah
47:48 Manipur Cavalry
48:26 Scale Barding Armor
48:12 Fletching
48:22 Padded Archer Armor
48:28 Light Cavalry
49:18 Bloodlines
49:08 Husbandry
50:26 Hussar
52:14 Chain Barding Armor
53:38 Caravan
56:01 Plate Barding Armor
Connection lost

Rejoining the realm…

Still unreachable

The connection could not be restored.

Session expired

The server has moved on; the page needs a fresh start.